 Dungeon Crawl Stone Soup version 0.24-a0-459-g225fefd530 (webtiles) character file.

Game seed: 5631038821938220581

28992 Craser22 the Severer (level 13, -18/121 (122) HPs)
             Began as a Minotaur Berserker on June 27, 2019.
             Was the Champion of Trog.
             Demolished by Zero's ghost (23 damage)
             ... on level 6 of the Lair of Beasts on June 28, 2019.
             The game lasted 01:13:21 (14371 turns).

Craser22 the Severer (Minotaur Berserker)          Turns: 14371, Time: 01:13:22

HP:   -18/121 (122) AC: 22    Str: 24    XL:     13   Next: 12%
MP:   0/12          EV:  8    Int:  4    God:    Trog [******]
Gold: 819           SH:  0    Dex: 13    Spells: 12/12 levels left

rFire    + . .     SeeInvis +   a - +7 broad axe of Trog's Esteem {speed, rF+ rC+ Stlth+}
rCold    + . .     Gourm    .   (no shield)
rNeg     . . .     Faith    .   B - +0 plate armour {MR+}
rPois    .         Spirit   +   (helmet restricted)
rElec    .         Reflect  .   W - +1 cloak
rCorr    .         Harm     .   M - +0 pair of gloves {archery}
MR       +....                  L - +1 pair of boots
Stlth    ..........             G - amulet of guardian spirit
HPRegen  0.30/turn              Q - ring of stealth
MPRegen  0.13/turn              f - ring of see invisible

@: berserk cooldown, slowed, very slow
A: retaliatory headbutt, horns 2
a: Berserk, Trog's Hand, Brothers in Arms, Renounce Religion


You were on level 6 of the Lair of Beasts.
You worshipped Trog.
Trog was exalted by your worship.
You were near starving.

You visited 2 branches of the dungeon, and saw 16 of its levels.
You also visited: Sewer.

You collected 1027 gold pieces.
You spent 208 gold pieces at shops.


Innate Abilities, Weirdness & Mutations

You reflexively headbutt those who attack you in melee.
You have a pair of horns on your head.


   Skills:
 + Level 13.3 Fighting
 - Level 18.2 Axes
 + Level 13.0 Armour
 - Level 2.1 Dodging


You had 12 spell levels left.
You didn't know any spells.
Your spell library was empty.

Inventory:

Hand Weapons
 a - the +7 broad axe of Trog's Esteem (weapon) {speed, rF+ rC+ Stlth+} Attacks with this weapon are significantly faster. It protects you from fire. It protects you from cold. It makes you more stealthy.
 b - a +0 morningstar
 I - a +0 battleaxe
 K - a +0 hand axe of electrocution
Missiles
 m - 471 stones (quivered)
 t - 29 boomerangs
 x - 2 throwing nets {=f}
 N - 3 curare-tipped darts {=f}
Armour
 B - a +0 plate armour of magic resistance (worn)
 L - a +1 pair of boots (worn)
 M - a +0 pair of gloves of archery (worn)
 S - +0 steam dragon scales
 W - a +1 cloak (worn)
Jewellery
 f - a ring of see invisible (right hand)
 z - an uncursed ring of fire
 G - an amulet of guardian spirit (around neck)
 Q - a ring of stealth (left hand)
 X - an uncursed ring of protection from cold {unknown}
Wands
 H - a wand of iceblast (6)
 J - a wand of digging (7)
 P - a wand of acid (10)
Scrolls
 d - 3 scrolls of enchant weapon {unknown}
 g - a scroll of amnesia {unknown}
 j - 6 scrolls of random uselessness {unknown}
 l - 4 scrolls of magic mapping {unknown}
 n - a scroll of enchant armour {unknown}
 o - a scroll of blinking {unknown}
 r - 2 scrolls of immolation {unknown}
 s - 3 scrolls of fear {unknown}
 v - 9 scrolls of teleportation {unknown}
 y - 5 scrolls of remove curse {unknown}
 C - 4 scrolls of fog {unknown}
 F - a scroll of holy word {unknown}
 O - 3 scrolls of identify {@r1}
 R - a scroll of brand weapon {unknown}
Potions
 e - 10 potions of heal wounds {@q2}
 h - 2 potions of lignification {unknown}
 i - 2 potions of ambrosia
 k - 10 potions of curing {@q1}
 p - 4 potions of berserk rage {!q}
 q - 2 potions of brilliance
 u - 2 potions of resistance
 w - 5 potions of agility
 A - 4 potions of invisibility
 D - a potion of might {unknown}
 E - 3 potions of flight
 U - a potion of degeneration {unknown}
 V - a potion of mutation {unknown}
Comestibles
 c - 22 rations

Dungeon Overview and Level Annotations

Branches:
Dungeon (11/15)            Temple (0/1) D:5            Lair (6/6) D:8
 Shoals (0/4) Lair:2       Spider (0/4) Lair:3          Orc (0/2) D:9
  Slime: Lair:5-6

Altars:
Cheibriados
Dithmenos
Gozag
Makhleb
Nemelex Xobeh
Ru
Trog
Uskayaw
Wu Jian
The Shining One

Shops:
D:6 =?}   D:10 ?

Annotations:
Lair:6 Zero's ghost, journeyman HOFi

..▒▒▒. .....▒.
.▒ ▒▒ .......
...▒▒▒. ....≈.≈
▒...... ...f.≈≈
....... ....▒.≈
......W▒......≈
.......H......≈
......▒.......≈
.../. ▒.▒......
▒▒▒. ▒▒▒..▒..≈
▒. ..▒≈≈ ▒
....≈ ...≈ ...≈


You could see Zero's ghost.


Message History

Zero's ghost hits you!
* * * LOW HITPOINT WARNING * * *
Zero's ghost freezes you.
* * * LOW HITPOINT WARNING * * *
You hit Zero's ghost but do no damage.
Zero's ghost is moderately damaged.
Zero's ghost hits you!!
* * * LOW HITPOINT WARNING * * *
You closely miss Zero's ghost.
Zero's ghost is moderately damaged.
You hit Zero's ghost.
Zero's ghost is heavily damaged.
Zero's ghost completely misses you.
You hit Zero's ghost but do no damage.
You headbutt Zero's ghost, but do no damage.
Zero's ghost is heavily damaged.
Zero's ghost hits you.
* * * LOW HITPOINT WARNING * * *
You slash Zero's ghost!
Zero's ghost is heavily damaged.
Zero's ghost hits you.
* * * LOW HITPOINT WARNING * * *
Zero's ghost freezes you.
You closely miss Zero's ghost.
You headbutt Zero's ghost, but do no damage.
Zero's ghost is heavily damaged.
You slash Zero's ghost!
Zero's ghost is heavily damaged.
Zero's ghost hits you!!
You die...

Action                   |  1- 3 |  4- 6 |  7- 9 | 10-12 | 13-15 || total
-------------------------+-------+-------+-------+-------+-------++-------
Melee: Hand axe          |    79 |   122 |   332 |       |       ||   533
       Headbutt          |     8 |    21 |    69 |   113 |    16 ||   227
       Broad axe         |       |       |    24 |   437 |    86 ||   547
       War axe           |       |       |    18 |       |       ||    18
       Morningstar       |       |       |       |    12 |       ||    12
Throw: Stone             |       |       |       |     1 |       ||     1
Invok: Berserk           |       |     2 |     6 |     5 |     1 ||    14
  Use: Scroll            |       |       |     6 |    13 |       ||    19
  Eat: Chunk             |     1 |     6 |    12 |    26 |     2 ||    47
       Ration            |       |       |     2 |       |       ||     2
Armor: Animal skin       |     2 |       |       |       |       ||     2
       Ring mail         |    23 |    16 |       |       |       ||    39
       Chain mail        |       |    26 |    52 |       |       ||    78
       Plate armour      |       |       |   110 |   191 |    24 ||   325
Dodge: Dodged            |    40 |    52 |   112 |    82 |    13 ||   299

Levels and vault maps discovered:
D:1:      saegor_arrival_fortress, layout_basic, minmay_misc_feat_rows,
          minmay_misc_feat_alley, nemelex_altar_shiori
D:2:      layout_basic, old_standard_altar
D:3:      layout_loops_ring, uniq_sigmund
D:4:      layout_cave_pools, gup_sewer_entry_pipe, uniq_menkaure, uniq_duvessa
D:5:      layout_cave_pools, minmay_temple_entry_antechambers, first_ration
D:6:      cheibrodos_helix_gallery, layout_basic, serial_shops, shop,
          shop_statue, shop_scrolls, uniq_blork_the_orc
D:7:      layout_loops_ring, grunt_temple_overflow_opulence, old_standard_altar,
          dancing_weapons_uskayaw, grunt_temple_overflow_cloverleaf,
          uniq_harold, uniq_crazy_yiuf_cottage, uniq_joseph
D:8:      layout_rooms, dpeg_lair_monsters
D:9:      minmay_the_grid_square_5x5_3x3
          [minmay_the_grid_square_5x5_inverted_slash,
          minmay_the_grid_square_5x5_forky,
          minmay_the_grid_square_5x5_three_walls, minmay_the_grid_square_5x5_v,
          minmay_the_grid_square_5x5_megaprize_diamond,
          minmay_the_grid_square_5x5_moneybag,
          minmay_the_grid_square_5x5_inner_v, minmay_the_grid_square_5x5_tie,
          minmay_the_grid_square_5x5_pentomino_r], layout_irregular_city,
          zombieorc2_lemuel, uniq_grum
D:10:     layout_basic, serial_shops, nicolae_shop_behind_doors, grunt_livestock
D:11:     layout_roguey
Lair:1:   layout_regular_city, basic_altar
Lair:2:   layout_loops_ring, minmay_shoals_entry_lonely_mermaid
Lair:3:   layout_cave_pods, dummy_spider_entry, serial_bayou_shore_b,
          grunt_megastairs_4
Lair:5:   layout_small_grid, ebering_ghost_reflecting_pool
Lair:6:   grunt_lair_end_beastmaster, layout_loops_ring, slime_altar_2,
          columned_hall_lemuel, chequers_serial_rivers_large_a,
          chequers_serial_rivers_micro_c, st_stairs_4

Notes
Turn   | Place    | Note
-------+----------+-------------------------------------------
     0 | D:1      | Craser22 the Minotaur Berserker began the quest for the
                  | Orb.
     0 | D:1      | Reached XP level 1. HP: 19/19 MP: 0/0
    20 | D:1      | Reached skill level 4 in Axes
    62 | D:1      | Reached XP level 2. HP: 22/26 MP: 1/1
   195 | D:1      | Found a sparkling altar of Nemelex Xobeh.
   404 | D:1      | Reached skill level 5 in Axes
   592 | D:1      | Reached XP level 3. HP: 31/31 MP: 2/2
   895 | D:2      | Reached ** piety under Trog
   913 | D:2      | Found a sacrificial altar of Ru.
  1231 | D:2      | Reached skill level 6 in Axes
  1231 | D:2      | Reached XP level 4. HP: 37/39 MP: 3/3
  1755 | D:3      | Reached *** piety under Trog
  1791 | D:3      | Noticed Sigmund
  1818 | D:3      | Killed Sigmund
  1818 | D:3      | Reached skill level 8 in Axes
  1818 | D:3      | Reached XP level 5. HP: 27/45 MP: 4/4
  1818 | D:3      | Reached XP level 6. HP: 31/51 MP: 5/5
  2519 | D:4      | Noticed Dowan
  2520 | D:4      | Noticed Duvessa
  2528 | D:4      | Killed Dowan
  2528 | D:4      | Reached skill level 9 in Axes
  2533 | D:4      | Killed Duvessa
  2575 | D:4      | Reached XP level 7. HP: 46/57 MP: 6/6
  2669 | D:4      | Found a glowing drain.
  2676 | D:4      | Reached **** piety under Trog
  2689 | Sewer    | Entered a sewer
  2713 | Sewer    | Noticed Purgy
  2731 | Sewer    | Killed Purgy
  2731 | Sewer    | Reached skill level 10 in Axes
  3319 | D:4      | Noticed Menkaure
  3326 | D:4      | Killed Menkaure
  3326 | D:4      | Reached skill level 11 in Axes
  3668 | D:5      | Entered Level 5 of the Dungeon
  3678 | D:5      | Reached XP level 8. HP: 64/64 MP: 7/7
  3748 | D:5      | Found a staircase to the Ecumenical Temple.
  4056 | D:5      | Reached skill level 12 in Axes
  4448 | D:6      | Found Ynigebes's Jewellery Shoppe.
  4534 | D:6      | Reached skill level 13 in Axes
  4753 | D:6      | Noticed Blork the orc
  4760 | D:6      | Killed Blork the orc
  4804 | D:6      | Found Giegrara's Gadget Shop.
  5079 | D:6      | Reached XP level 9. HP: 44/70 MP: 8/8
  5229 | D:6      | Found Jasilick's Magic Scroll Emporium.
  5233 | D:6      | Bought a scroll of identify for 26 gold pieces
  5233 | D:6      | Bought a scroll of identify for 26 gold pieces
  5233 | D:6      | Bought a scroll of identify for 26 gold pieces
  5233 | D:6      | Bought a scroll of identify for 26 gold pieces
  5405 | D:6      | Reached skill level 14 in Axes
  5546 | D:6      | Reached ***** piety under Trog
  5993 | D:7      | Noticed Joseph
  6007 | D:7      | Killed Joseph
  6007 | D:7      | Reached skill level 15 in Axes
  6108 | D:7      | Found an opulent altar of Gozag.
  6108 | D:7      | Found a sparkling altar of Nemelex Xobeh.
  6169 | D:7      | Received a gift from Trog
  6170 | D:7      | Got a crystal broad axe {god gift}
  6313 | D:7      | Noticed a +0 dagger
  6313 | D:7      | Noticed a +0 dagger
  6325 | D:7      | Identified the +7 broad axe of Trog's Esteem {speed, rF+
                  | rC+ Stlth+} (Trog gifted it to you on level 7 of the
                  | Dungeon)
  6348 | D:7      | Found a hide-covered altar of Uskayaw.
  6501 | D:7      | Found a runed translucent door.
  6502 | D:7      | Noticed Crazy Yiuf
  6581 | D:7      | Reached skill level 16 in Axes
  6640 | D:7      | Found a bloodstained altar of Trog.
  6643 | D:7      | Found a shadowy altar of Dithmenos.
  6646 | D:7      | Found a snail-covered altar of Cheibriados.
  6649 | D:7      | Found a glowing golden altar of the Shining One.
  6664 | D:7      | Noticed Harold
  6681 | D:7      | Killed Harold
  6681 | D:7      | Reached XP level 10. HP: 66/78 MP: 9/9
  6773 | D:7      | Found an ornate altar of the Wu Jian Council.
  6882 | D:7      | Killed Crazy Yiuf
  6995 | D:8      | Found a staircase to the Lair.
  6995 | D:8      | Noticed a death yak
  6995 | D:8      | Noticed a death yak
  6995 | D:8      | Noticed a death yak
  6995 | D:8      | Noticed a death yak
  6996 | D:8      | Noticed a death yak
  6996 | D:8      | Noticed a death yak
  7010 | D:7      | Killed a death yak
  7197 | D:8      | Noticed a two-headed ogre
  7206 | D:7      | Killed a death yak
  7206 | D:7      | Reached skill level 17 in Axes
  7209 | D:7      | Killed a death yak
  7212 | D:7      | Killed a death yak
  7212 | D:7      | Reached skill level 18 in Axes
  7216 | D:7      | Killed a death yak
  7216 | D:7      | Reached skill level 4 in Fighting
  7216 | D:7      | Reached skill level 3 in Armour
  7216 | D:7      | Reached skill level 4 in Armour
  7365 | D:7      | Killed a death yak
  7365 | D:7      | Reached skill level 5 in Fighting
  7365 | D:7      | Reached XP level 11. HP: 75/88 MP: 8/10
  7424 | D:7      | Killed a two-headed ogre
  7424 | D:7      | Reached skill level 6 in Fighting
  7424 | D:7      | Reached skill level 5 in Armour
  7616 | D:8      | Noticed a two-headed ogre
  7623 | D:8      | Killed a two-headed ogre
  7623 | D:8      | Reached skill level 6 in Armour
  7909 | D:9      | Reached skill level 7 in Fighting
  8097 | D:9      | Found a staircase to the Orcish Mines.
  8170 | D:9      | Reached skill level 7 in Armour
  8469 | D:9      | Reached skill level 8 in Fighting
  8727 | D:9      | Noticed a skeletal warrior
  8735 | D:9      | Killed a skeletal warrior
  8735 | D:9      | Reached skill level 8 in Armour
  8837 | D:9      | Identified the Almanac of Frigorific Intoxication
  8977 | D:9      | Noticed Grum
  8982 | D:9      | Reached skill level 9 in Fighting
  8986 | D:9      | Killed Grum
  8987 | D:9      | Noticed a centaur warrior
  9003 | D:9      | Killed a centaur warrior
  9003 | D:9      | Reached skill level 9 in Armour
  9458 | D:10     | Entered Level 10 of the Dungeon
  9523 | D:10     | Received a gift from Trog
  9529 | D:10     | Reached XP level 12. HP: 106/106 MP: 9/11
  9597 | D:10     | Reached skill level 10 in Fighting
  9640 | D:10     | Reached ****** piety under Trog
  9668 | D:10     | Identified +0 steam dragon scales
  9675 | D:10     | Reached skill level 10 in Armour
 10098 | D:10     | Found Cuwk's Magic Scroll Emporium.
 10111 | D:10     | Bought a scroll of identify for 26 gold pieces
 10111 | D:10     | Bought a scroll of identify for 26 gold pieces
 10111 | D:10     | Bought a scroll of identify for 26 gold pieces
 10111 | D:10     | Bought a scroll of identify for 26 gold pieces
 10112 | D:10     | Identified 2 potions of resistance
 10116 | D:10     | Noticed a two-headed ogre
 10123 | D:10     | Killed a two-headed ogre
 10713 | Lair:1   | Entered Level 1 of the Lair of Beasts
 10785 | Lair:1   | Reached skill level 11 in Fighting
 10960 | Lair:1   | Found a burning altar of Makhleb.
 11314 | Lair:1   | Reached skill level 11 in Armour
 11663 | Lair:2   | Noticed a death yak
 11664 | Lair:2   | Noticed a death yak
 11672 | Lair:2   | Killed a death yak
 11682 | Lair:2   | Killed a death yak
 12091 | Lair:2   | Reached skill level 12 in Fighting
 12189 | Lair:2   | Noticed a four-headed hydra
 12199 | Lair:2   | Killed a four-headed hydra
 12358 | Lair:2   | Reached skill level 12 in Armour
 12410 | Lair:2   | Received a gift from Trog
 12450 | Lair:2   | Found a staircase to the Shoals.
 12792 | Lair:3   | Found a hole to the Spider Nest.
 12937 | Lair:3   | Noticed a seven-headed hydra
 12952 | Lair:3   | Killed a seven-headed hydra
 13486 | Lair:5   | Reached XP level 13. HP: 116/118 MP: 12/12
 13493 | Lair:5   | Reached skill level 13 in Fighting
 13787 | Lair:5   | Reached skill level 13 in Armour
 13889 | Lair:5   | Found a runed translucent door.
 13889 | Lair:5   | Noticed Zero's ghost (journeyman HOFi)
 14349 | Lair:6   | Entered Level 6 of the Lair of Beasts
 14365 | Lair:6   | HP: 9/121 [Zero's ghost (16)]
 14371 | Lair:6   | Demolished by Zero's ghost

Vanquished Creatures
  Harold (D:7)
  2 hydras
  A centaur warrior (D:9)
  3 two-headed ogres
  8 death yaks
  A skeletal warrior (D:9)
  A black mamba (Lair:3)
  A merfolk siren (Lair:2)
  Joseph (D:7)
  A torpor snail (Lair:2)
  5 spiny frogs
  A rime drake (Lair:2)
  3 komodo dragons
  An efreet (D:9)
  2 trolls (D:10)
  A queen bee (shapeshifter) (D:9)
  7 hippogriffs
  Sigmund (D:3)
  A wraith (D:9)
  4 hogs (D:10)
  A human (D:10)
  2 basilisks
  15 yaks
  Grum (D:9)
  A steam dragon (D:10)
  Menkaure (D:4)
  A two-headed ogre zombie (D:9)
  Duvessa (D:4)
  10 water moccasins
  Purgy (Sewer)
  2 porcupines
  4 orc warriors
  An ice beast (D:9)
  2 sky beasts
  4 black bears
  2 phantoms
  2 necrophages
  7 ogres
  5 centaurs
  6 wolves
  3 crocodiles
  2 big kobolds
  13 bullfrogs
  Blork the orc (D:6)
  3 troll zombies (D:9)
  5 scorpions
  Dowan (D:4)
  3 killer bees (D:7)
  5 wights (D:7)
  An electric eel (D:6)
  3 howler monkeys
  3 centaur zombies
  6 crimson imps
  4 hounds
  3 bullfrog zombies
  2 jellies
  8 orc wizards
  Crazy Yiuf (D:7)
  8 orc priests
  3 bullfrog skeletons
  4 iguanas
  2 centaur skeletons
  3 worker ants
  4 ogre zombies (D:9)
  A hound zombie (D:6)
  2 hound skeletons (D:9)
  2 worker ant zombies
  10 gnolls
  13 adders
  3 shadow imps
  3 oozes
  3 adder skeletons
  An adder zombie (D:1)
  A worm (D:2)
  3 dart slugs
  6 leopard geckos
  31 orcs
  3 ball pythons
  8 bats
  A bat zombie (D:1)
  10 giant cockroaches
  6 goblins
  11 hobgoblins
  16 jackals
  18 kobolds
  2 quokkas
  8 frilled lizards
  A goblin skeleton (D:9)
  5 goblin zombies (D:9)
  4 hobgoblin zombies (D:9)
  A leopard gecko skeleton (D:5)
  2 leopard gecko zombies (D:8)
  2 orc skeletons (D:9)
  12 orc zombies (D:9)
  12 rats
407 creatures vanquished.

Vanquished Creatures (others)
  A plant (Lair:2)
1 creature vanquished.

Grand Total: 408 creatures vanquished
